 Dungeon Crawl Stone Soup version 0.23-a0-333-g006994f (webtiles) character file.

57 Ghost621 the Shield-Bearer (level 3, -1/33 HPs)
             Began as a Minotaur Fighter on Oct 17, 2018.
             Slain by Sigmund
             ... wielding a +2 vampiric scythe
              (8 damage)
             ... on level 2 of the Dungeon.
             The game lasted 00:01:56 (1133 turns).

Ghost621 the Shield-Bearer (Minotaur Fighter)       Turns: 1133, Time: 00:01:57

Health: -1/33      AC:  8    Str: 21    XL:     3   Next: 73%
Magic:  2/2        EV:  7    Int:  5    God:
Gold:   99         SH:  9    Dex:  9    Spells: 2/2 levels left

rFire    . . .     SeeInvis .   a - +0 flail
rCold    . . .     Gourm    .   c - +0 shield
rNeg     . . .     Faith    .   b - +0 scale mail
rPois    .         Spirit   .   (helmet restricted)
rElec    .         Reflect  .   j - +0 cloak
rCorr    .         Harm     .   (no gloves)
MR       .....                  (no boots)
Stlth    ..........             (no amulet)
HPRegen  0.11/turn              (no ring)
MPRegen  0.08/turn              (no ring)

@: no status effects
A: retaliatory headbutt, horns 2
a: no special abilities


You were on level 2 of the Dungeon.
You were hungry.

You visited 1 branch of the dungeon, and saw 2 of its levels.

You collected 99 gold pieces.

Inventory:

Hand Weapons
 a - a +0 flail (weapon)
Missiles
 g - 41 stones (quivered)
Armour
 b - a +0 scale mail (worn)
 c - a +0 shield (worn)
 j - a +0 cloak (worn)
Jewellery
 m - an uncursed amulet of magic regeneration {unknown}
Scrolls
 h - 3 scrolls of fog {unknown}
 k - 3 scrolls of teleportation {unknown}
Potions
 d - a potion of might
 e - a potion of agility {unknown}
 i - a potion of flight {unknown}
 l - a potion of cancellation {unknown}
Comestibles
 f - 2 rations


   Skills:
 + Level 4.2 Fighting
 + Level 3.3 Maces & Flails
 - Level 3.6 Armour
 * Level 4.8 Shields


You had 2 spell levels left.
You didn't know any spells.
Your spell library was empty.

Dungeon Overview and Level Annotations

Branches:
Dungeon (2/15)

Altars:

Annotations:
D:2 Sigmund


Innate Abilities, Weirdness & Mutations

You reflexively headbutt those who attack you in melee.
You have a pair of horns on your head.


Message History

You thump Sigmund!
Sigmund is almost dead.
You block the rat's attack. Sigmund casts a spell at you.
You are confused.
The rat closely misses you.
Sigmund points at you and mumbles some strange words.
The magic dart hits you! Sigmund barely misses you.
There is an open door here.
You bump into the rock wall.
The rat barely misses you.
You hit the rat.
You kill the rat!
Sigmund points at you and mumbles some strange words.
The puff of flame hits you!
* * * LOW HITPOINT WARNING * * *
You feel less confused.
Sigmund laughs darkly.
Sigmund hits you with a +2 vampiric scythe!
You die...

####.# ##...## #.#
##>....## ######.##
##.......##
#........####.........####
............'.........'...
#.##.....####.........#
.....#.## ##....)..#
###.#### ##.....## #.
##@..## #. ##@## #.# #.%#
..... #....... .....##.#
.#...## # .##..#


You could see Sigmund.

Vanquished Creatures
  2 adders (D:2)
  A worm (D:2)
  2 dart slugs (D:1)
  5 bats
  2 giant cockroaches (D:1)
  7 goblins
  A hobgoblin (D:2)
  4 kobolds (D:1)
  2 quokkas (D:2)
  3 rats
29 creatures vanquished.

Notes
Turn   | Place    | Note
-------+----------+-------------------------------------------
     0 | D:1      | Ghost621 the Minotaur Fighter began the quest for the Orb.
     0 | D:1      | Reached XP level 1. HP: 19/19 MP: 0/0
   205 | D:1      | Reached XP level 2. HP: 20/27 MP: 1/1
   761 | D:2      | Reached XP level 3. HP: 21/33 MP: 2/2
  1118 | D:2      | Noticed Sigmund
  1133 | D:2      | Slain by Sigmund

Vault maps used:
D:1:      saegor_arrival_simple_c
D:2:      nicolae_overflow_crystal_walls, uniq_sigmund

Skill      XL: |  1  2 |
---------------+-------+-----
Shields        | 4 |  4.8
Fighting       | 4 |  4.2
Maces & Flails | 3 |  3.3
Armour         | |  3.6

Action                   || total
-------------------------++-------
Melee: Flail             ||    91
       Headbutt          ||     7
Armor: Scale mail        ||    44
Dodge: Dodged            ||    30
Block: Shield            ||    37

Table legend:
 A = Non-vault XP
 B = Vault XP
 C = Vault XP percentage of total XP
 D = Non-vault monster count
 E = Vault monster count
 F = Vault count percentage of total count
                 A         B        C        D         E       F
            +---------+---------+-------+---------+---------+-------
      Total |      82 |       0 |   0.0 |      29 |       0 |   0.0
            +---------+---------+-------+---------+---------+-------
        D:1 |      34 |       0 |   0.0 |      16 |       0 |   0.0
        D:2 |      48 |       0 |   0.0 |      13 |       0 |   0.0
            +---------+---------+-------+---------+---------+-------
